 Dungeon Crawl Stone Soup version 0.20.1-1-g8b1a95d (webtiles) character file.

897 galech the Ruffian (level 7, -11/67 HPs)
             Began as a Troll Monk on Sept 11, 2017.
             Mangled by a troll (16 damage)
             ... on level 5 of the Dungeon.
             The game lasted 00:04:36 (3323 turns).

galech the Ruffian (Troll Monk)                     Turns: 3323, Time: 00:04:37

Health: -11/67     AC:  5    Str: 22    XL:     7   Next: 79%
Magic:  6/6        EV: 11    Int:  6    God:
Gold:   182        SH:  0    Dex: 12    Spells: 6/6 levels left

rFire    . . .     SeeInvis +     - Unarmed
rCold    . . .     Gourm    +   (no shield)
rNeg     + . .     Faith    .   a - +0 robe
rPois    .         Spirit   .   (helmet restricted)
rElec    .         Reflect  .   (no cloak)
rCorr    .         Harm     .   (gloves unavailable)
MR       .....                  (boots unavailable)
Stlth    ++........             (no amulet)
Regen    0.7/turn               d - ring of positive energy
MPRegen  0.1/turn               k - ring of see invisible

@: no status effects
A: unfitting armour, claws 3, fast metabolism 3, gourmand, regeneration 1,
shaggy fur 1, tough skin 2
a: no special abilities


You were on level 5 of the Dungeon.
You were completely stuffed.

You visited 1 branch of the dungeon, and saw 5 of its levels.

You collected 266 gold pieces.
You spent 84 gold pieces at shops.

Inventory:

Armour
 a - a +0 robe (worn)
Jewellery
 d - a ring of positive energy (left claw)
 k - a ring of see invisible (right claw)
Scrolls
 e - 3 scrolls of amnesia
 q - a scroll of remove curse
 t - a scroll of fear
 u - a scroll of noise
 w - a scroll of blinking
 y - 2 scrolls of magic mapping
 A - a scroll of random uselessness
Potions
 c - a potion of heal wounds {unknown}
 f - a potion of brilliance {unknown}
 g - 3 potions of flight {unknown}
 h - 3 potions of degeneration {unknown}
 i - 2 potions of lignification {unknown}
 l - a potion of magic {unknown}
 n - a potion of might
 p - a potion of agility {unknown}
 s - a potion of haste {unknown}
 v - a potion of invisibility {unknown}
 z - a potion of curing
Comestibles
 b - 6 bread rations
 j - 3 royal jellies
 m - 2 chunks of flesh
 r - 2 meat rations
 x - 2 fruits


   Skills:
 + Level 3.3 Fighting
 + Level 3.9 Dodging
 + Level 2.3 Stealth
 + Level 7.3 Unarmed Combat


You had 6 spell levels left.
You didn't know any spells.

Dungeon Overview and Level Annotations

Branches:
Dungeon (5/15)
 Temple: D:4-7

Altars:
Cheibriados
Dithmenos
Hepliaklqana
Qazlal
Xom

Shops:
D:5 *


Innate Abilities, Weirdness & Mutations

You are too large for most types of armour.
You have claws for hands.
Your metabolism is lightning-fast.
You like to eat raw meat.
Your natural rate of healing is unusually fast.
You are covered in fur. (AC +1)
You have very tough skin. (AC +2)


Message History

You are too injured to fight recklessly!
You are too injured to fight recklessly!
You are too injured to fight recklessly!
You are too injured to fight recklessly!
You are too injured to fight recklessly!
You are too injured to fight recklessly!
You are too injured to fight recklessly!
You are too injured to fight recklessly!
You are too injured to fight recklessly!
You are too injured to fight recklessly!
You scratch the troll. You claw the troll!
The troll is severely wounded.
The troll bites you!!
* * * LOW HITPOINT WARNING * * *
The troll claws you but does no damage. The troll claws you.
* * * LOW HITPOINT WARNING * * *
You closely miss the troll.
The troll is severely wounded.
The troll bites you!
You die...

...# ##<.## ...#
##..# .(## #..## ###
##..## ##..##
####..### ..##...#
#T$#.### #@##.# ###
####.#.# ##..###
##.#.##.# #.....##
##.#.#.#.# .......##
#.######.#
........#..##.#.#.#.#
........##..........#
.........############
............#


You could see a troll.

Vanquished Creatures
  Sigmund (D:2)
  Eustachio (D:4)
  An ice beast (D:5)
  An ogre (D:4)
  A howler monkey (D:4)
  A crimson imp (D:5)
  A hound (D:4)
  An orc wizard (D:5)
  Terence (D:2)
  3 worker ants
  An iguana (D:3)
  6 adders
  2 oozes (D:2)
  4 worms
  A dart slug (D:2)
  2 leopard geckos
  7 orcs
  7 bats
  6 giant cockroaches
  10 hobgoblins
  10 jackals
  3 quokkas
  A ball python (D:1)
  3 frilled lizards
  9 goblins
  6 kobolds
  5 rats
95 creatures vanquished.

Notes
Turn   | Place    | Note
-------+----------+-------------------------------------------
     0 | D:1      | galech the Troll Monk began the quest for the Orb.
     0 | D:1      | Reached XP level 1. HP: 22/22 MP: 0/0
   380 | D:1      | Reached XP level 2. HP: 29/29 MP: 1/1
   968 | D:2      | Noticed Sigmund
   997 | D:2      | Killed Sigmund
   997 | D:2      | Reached skill level 4 in Unarmed Combat
   997 | D:2      | Reached XP level 3. HP: 22/37 MP: 2/2
   997 | D:2      | Reached XP level 4. HP: 27/45 MP: 3/3
   997 | D:2      | Reached XP level 5. HP: 32/53 MP: 4/4
  1117 | D:2      | Found a shadowy altar of Dithmenos.
  1117 | D:2      | Found a stormy altar of Qazlal.
  1119 | D:2      | Found a hazy altar of Hepliaklqana.
  1226 | D:2      | Noticed Terence
  1234 | D:2      | Killed Terence
  1366 | D:2      | Found a shimmering altar of Xom.
  1779 | D:2      | Reached XP level 6. HP: 61/61 MP: 5/5
  1905 | D:3      | Found a snail-covered altar of Cheibriados.
  2002 | D:3      | Reached skill level 5 in Unarmed Combat
  2612 | D:4      | Noticed Eustachio
  2624 | D:4      | Killed Eustachio
  2624 | D:4      | Reached skill level 6 in Unarmed Combat
  2624 | D:4      | Reached XP level 7. HP: 56/67 MP: 6/6
  2994 | D:5      | Entered Level 5 of the Dungeon
  3030 | D:5      | Reached skill level 7 in Unarmed Combat
  3253 | D:5      | Found Vouv's Assorted Antiques.
  3259 | D:5      | Bought a scroll labeled HAOCIPN QYHIYF for 28 gold pieces
  3261 | D:5      | Bought a scroll of identify for 56 gold pieces
  3316 | D:5      | Noticed a troll
  3323 | D:5      | Mangled by a troll

Skill      XL: |  1  2  3  4  5  6  7 |
---------------+----------------------+-----
Fighting       | 3 |  3.3
Dodging        | 3 |  3.9
Unarmed Combat | 4 6 7 |  7.3
Stealth        | 2 |  2.3

Action                   |  1- 3 |  4- 6 |  7- 9 || total
-------------------------+-------+-------+-------++-------
Melee: Unarmed           |    54 |   161 |    60 ||   275
       Punch             |     1 |     4 |     4 ||     9
  Use: Scroll            |       |       |     7 ||     7
 Stab: Sleeping          |     1 |     5 |       ||     6
  Eat: Chunk             |     8 |    21 |     7 ||    36
Armor: Robe              |    14 |    45 |    18 ||    77
Dodge: Dodged            |    22 |    81 |    26 ||   129
